 Dungeon Crawl Stone Soup version 0.32-a0-41-gec2d92a32c (webtiles) character file.

Game seed: 15400155494443577193

287451 cforsyth the Warrior (level 21, -3/169 HPs)
             Began as a Djinni Enchanter on Jan 25, 2024.
             Was the Champion of Fedhas.
             Slain by a skeletal warrior
             ... wielding a +0 glaive
              (8 damage)
             ... while petrified by an eldritch tentacle
             ... in a wizard's laboratory.
             The game lasted 02:25:38 (55983 turns).

cforsyth the Warrior (Djinni Enchanter)            Turns: 55983, Time: 02:25:39

Health: -3/169     AC: 15    Str:  7    XL:     21   Next: 55%
Gold:   2871       EV:  2    Int: 27    God:    Fedhas [******] SH:  0 Dex: 19

rFire   + + .        k - staff of cold
rCold   + . .        a - +1 kite shield {AC+3}
rNeg    + + +        x - +2 robe {Will+}
rPois   ∞            n - +1 helmet
rElec   .            I - +0 cloak
rCorr   .            g - +3 pair of gauntlets of War {Slay+5}
SInv    .            (boots unavailable)
Will    ++...        h - amulet of Ucacriets {+Inv rC+ Regen+ Dex+4}
Stlth   ++           J - ring of willpower
HPRegen 1.28/turn    X - ring of wizardry
MPRegen 0.00/turn

%: wizardry (x1), infuse magic (-4 HP)
@: death channelling, petrified, weak-willed, flying
A: sickness immunity, fire resistance 2, cold vulnerability 1, float, innate
caster, HP casting, extra vitality 1
}: 2/15 runes: decaying, gossamer
a: Renounce Religion, Evoke Invisibility, Wall of Briars, Grow Ballistomycete,
Overgrow, Grow Oklob


You were in a wizard's laboratory.
You worshipped Fedhas.
Fedhas was exalted by your worship.
You visited 7 branches of the dungeon, and saw 32 of its levels.
You also visited: Sewer, Bailey, Ice Cave and Wizlab.

You collected 6730 gold pieces.
You spent 3859 gold pieces at shops.

Inventory:

Armour
 a - a +1 kite shield of protection (worn)
 g - the +3 pair of gauntlets of War (worn) {Slay+5}
   (You bought it in a shop on level 2 of the Orcish Mines)

   Slay+5:    It affects your accuracy & damage with ranged weapons and melee
   (+5).
 l - the +2 leather armour "Eghot" {rC++ Str-4 Int+4}
   (You found it on level 2 of the Dungeon)

   Str-4:     It affects your strength (-4).
   Int+4:     It affects your intelligence (+4).
   rC++:      It greatly protects you from cold.
 n - a +1 helmet (worn)
 x - a +2 robe of willpower (worn)
 D - the +1 ring mail of the Poles {rPois Dex+3}
   (You bought it in a shop on level 6 of the Dungeon)

   Dex+3:     It affects your dexterity (+3).
   rPois:     It protects you from poison
 I - a +0 cloak (worn)
Magical Staves
 k - a staff of cold (weapon)
Jewellery
 c - a ring of resist corrosion
 h - the amulet of Ucacriets (around neck) {+Inv rC+ Regen+ Dex+4}
   (You bought it in a shop on level 2 of the Orcish Mines)

   [amulet of regeneration]

   Dex+4:     It affects your dexterity (+4).
   rC+:       It protects you from cold.
   +Inv:      It lets you turn invisible.
   Regen+:    It increases your rate of health regeneration.
 i - a ring of fire
 G - a ring of protection from fire
 J - a ring of willpower (left hand)
 R - a ring of ice
 X - a ring of wizardry (right hand)
 Z - the ring of Keci {rPois rN+++ MP+9 Str-5 Int-5}
   (You found it on level 1 of the Spider Nest)

   [ring of poison resistance]

   Str-5:     It affects your strength (-5).
   Int-5:     It affects your intelligence (-5).
   rPois:     It protects you from poison rN+++: It renders you almost immune to
   negative energy.
   MP+9:      It affects your magic capacity (+9).
Wands
 z - a wand of paralysis (23)
 C - a wand of flame (34)
 H - a wand of polymorph (15)
 L - a wand of iceblast (41)
 N - a wand of light (15)
Scrolls
 b - 5 scrolls of teleportation
 e - 5 scrolls of revelation
 f - a scroll of silence
 o - 2 scrolls of blinking
 p - 8 scrolls of enchant armour
 q - 4 scrolls of immolation
 u - 4 scrolls of noise
 y - 6 scrolls of vulnerability
 A - 3 scrolls of identify
 B - 2 scrolls of enchant weapon
 F - a scroll of brand weapon
 K - 4 scrolls of fog
 O - a scroll of fear
 Y - 2 scrolls of poison
Potions
 d - 3 potions of berserk rage
 j - 3 potions of haste
 m - 6 potions of might
 r - 6 potions of mutation
 s - a potion of resistance
 t - 10 potions of curing
 v - 5 potions of brilliance
 w - 6 potions of ambrosia
 E - 5 potions of attraction
 M - 3 potions of enlightenment
 W - 4 potions of invisibility
Miscellaneous
 T - a phantom mirror


   Skills:
 - Level 20.5 Fighting
 - Level 0.8 Short Blades
 - Level 5.0 Armour
 + Level 14.4 Dodging
 - Level 2.4 Stealth
 - Level 14.0 Shields
 + Level 18.6 Spellcasting
 + Level 18.6 Conjurations
 + Level 18.6 Hexes
 + Level 18.6 Summonings
 + Level 18.6 Necromancy
 + Level 18.6 Translocations
 + Level 18.6 Fire Magic
 + Level 18.6 Ice Magic
 + Level 18.6 Air Magic
 + Level 18.6 Earth Magic
 + Level 18.6 Alchemy


You knew the following spells:

 Your Spells              Type           Power      Damage    Failure   Level
a - Ensorcelled Hibernat  Hex/Ice        100%       N/A       0%          2
b - Confusing Touch       Hex            90%        N/A       0%          3
c - Tukima's Dance        Hex            90%        N/A       0%          3
d - Dazzling Flash        Conj/Hex       100%       N/A       0%          3
e - Sting                 Conj/Alch      100%       1d9       0%          1
f - Call Imp              Summ           100%       N/A       0%          2
g - Frozen Ramparts       Ice            100%       1d16      0%          3
h - Gell's Gravitas       Tloc           90%        N/A       0%          3
i - Iskenderun's Mystic   Conj/Tloc      90%        2d18      0%          4
j - Summon Mana Viper     Hex/Summ       90%        N/A       1%          5
k - Sculpt Simulacrum     Ice/Alch       56%        N/A       1%          6
l - Malign Gateway        Summ/Tloc      45%        N/A       1%          7
m - Death Channel         Necr           45%        N/A       1%          6
n - Infestation           Necr           45%        N/A       6%          8
Your spell library was empty.

Dungeon Overview and Level Annotations

Branches:
Dungeon (15/15)            Temple (1/1) D:5            Lair (5/5) D:10
  Swamp (4/4) Lair:3       Spider (4/4) Lair:3        Slime (0/5) Lair:4
    Orc (2/2) D:12            Elf (0/3) Orc:2        Vaults (1/5) D:14
 Depths (0/4) D:15          Sewer (visited)          Bailey (visited)
  IceCv (visited)          WizLab (1/1)

Altars:
Ashenzari
Cheibriados
Dithmenos
Elyvilon
Fedhas
Gozag
Hepliaklqana
Makhleb
Nemelex Xobeh
Okawaru
Qazlal
Ru
Trog
Uskayaw
Wu Jian
Xom
Yredelemnul
Zin
The Shining One
Jiyva

Shops:
D:6 [!=*!   D:14 =   Orc:2 :([*   Vaults:1 ?[


Innate Abilities, Weirdness & Mutations

You are immune to sickness and miasma.
You are immune to poison.
Your flesh is very heat resistant. (rF++)
You are vulnerable to cold. (rC-)
You float through the air rather than walking.
You learn spells naturally, not from books.
Your magical power is your life essence.
You have superior vitality. (+4 MHP)


Message History

The eldritch tentacle writhes!
The quicksilver dragon zombie bites you!
* * * LOW HITPOINT WARNING * * *
The quicksilver dragon zombie claws you but does no damage.
The revenant falters for a moment.
Your skeletal warrior completely misses the quicksilver dragon zombie.
The eldritch tentacle is engulfed in spectral mist.
Your skeletal warrior closely misses the quicksilver dragon zombie.
Your vampire mage mumbles some strange words.
Your vampire mage flickers and vanishes for a moment.
You are engulfed in spectral mist.
* * * LOW HITPOINT WARNING * * *
The eldritch tentacle writhes!
The caustic shrike zombie claws your skeletal warrior!!
The quicksilver dragon zombie bites you.
* * * LOW HITPOINT WARNING * * *
The quicksilver dragon zombie claws you.
The skeletal warrior hits you from afar with a +0 glaive.
* * * LOW HITPOINT WARNING * * *
The revenant hits you!!
* * * LOW HITPOINT WARNING * * *
A lost soul coalesces out of thin air!
The quicksilver dragon zombie bites you.
* * * LOW HITPOINT WARNING * * *
The quicksilver dragon zombie barely misses you.
The caustic shrike zombie claws your skeletal warrior!!
Your skeletal warrior completely misses the quicksilver dragon zombie.
Your skeletal warrior hits the quicksilver dragon zombie with a +0 war axe!!
Your skeletal warrior hits the caustic shrike zombie with a +0 war axe!
Your vampire mage misses the caustic shrike zombie.
Your vampire mage barely misses the caustic shrike zombie.
Your skeletal warrior hits the quicksilver dragon zombie with a +0 short sword!!
You are engulfed in spectral mist.
* * * LOW HITPOINT WARNING * * *
The eldritch tentacle writhes!
The eldritch tentacle is destroyed!
The caustic shrike zombie claws your skeletal warrior!
The skeletal warrior hits you from afar with a +0 glaive!
You die...
Fedhas appreciates your contribution to the ecosystem.

### #... #⌠# #...# ##.##
#..z# ###...### #....
#⌠Z....⌠# #....##
#z°z∩...#
#.....#####Zz°....#####...
#.....Zz@##.##........#
#.....VzW##.##.......##
#....#####.......#####...
##..## #...∩...# . ###
#⌠.....⌠# ###...### ##.##
#⌠# ###


You could see a revenant (strong, magic disrupted), a skeletal warrior, a
spectral shadow dragon (summoned), a quicksilver dragon zombie (ally target), a
caustic shrike zombie, 3 friendly skeletal warriors, a friendly flayed ghost
(summoned) and a friendly vampire mage (summoned, invisible).

Vanquished Creatures
  An emperor scorpion (Spider:4)
  A dire elephant (Lair:5)
  A spark wasp (Spider:3)
  A fire dragon (Lair:5)
  An entropy weaver (shapeshifter) (D:11)
  3 hydras
  A catoblepas (Lair:5)
  An alligator (Swamp:2)
  Erica (D:10)
  An ogre mage (Orc:2)
  2 jorogumos (Spider:4)
  7 boulder beetles
  4 two-headed ogres
  A centaur warrior (D:13)
  13 death yaks
  2 tengu warriors
  3 demonic crawlers
  An occultist (D:12)
  An orc high priest (Orc:2)
  A skeletal warrior (WizLab)
  A goliath frog (Swamp:2)
  Lodul (D:11)
  An arcanist (Vaults:1)
  2 sun moths
  2 orb spiders
  A swamp dragon (Lair:5)
  A lindwurm (Lair:5)
  A necromancer (Lair:2)
  3 steelbarb worms
  4 manticores
  4 orc knights
  3 cyclopes
  4 orc sorcerers
  7 wolf spiders
  9 ugly things
  2 black mambas
  Joseph (D:8)
  A meliai (Spider:4)
  A moth of wrath (Spider:2)
  6 elephants
  A kobold blastminer (Orc:1)
  2 torpor snails
  3 orange demons (D:14)
  6 cane toads
  2 gargoyles
  2 unseen horrors
  3 kobold demonologists
  12 rime drakes
  5 komodo dragons
  A yaktaur (D:11)
  2 tengu conjurers
  Psyche (D:10)
  3 trolls
  2 polar bears
  5 hornets
  8 tarantellas
  5 blink frogs
  A dancing weapon (Orc:1)
  10 jumping spiders
  Sigmund (D:2)
  A shadow (D:10)
  2 wraiths
  11 culicivoras
  4 slime creatures
  A basilisk (shapeshifter) (D:15)
  A spriggan (Swamp:4)
  3 vampire mosquitoes
  3 wyverns
  53 yaks
  3 wargs
  7 basilisks
  Eustachio (D:3)
  25 redbacks
  3 steam dragons
  2 swamp worms
  6 water moccasins
  An acid dragon (D:10)
  A swamp drake (Lair:5)
  Pargi (D:3)
  A black bear (D:6)
  36 orc warriors
  An ice beast (D:6)
  8 wolves
  2 laughing skulls (D:10)
  9 centaurs
  9 ogres
  4 kobold brigands
  9 bullfrogs
  2 necrophages (Lair:4)
  7 scorpions
  5 wights
  Dowan (D:4)
  11 killer bees
  5 electric eels (Bailey)
  7 howler monkeys
  A hound (D:4)
  5 jellies
  3 bombardier beetles
  22 orc priests
  Crazy Yiuf (D:7)
  2 gnoll boudas
  Jessica (D:3)
  6 iguanas
  12 orc wizards
  A polar bear simulacrum (Lair:2)
  A yak simulacrum (Lair:2)
  A wolf simulacrum (Lair:2)
  Robin (D:4)
  13 gnolls
  10 adders
  A river rat (Lair:2)
  A shadow imp (D:6)
  2 ufetubi (D:7)
  9 dart slugs
  A ribbon worm (D:2)
  69 orcs
  8 ball pythons
  19 endoplasms
  14 giant cockroaches
  24 goblins
  15 hobgoblins
  12 quokkas
  3 bats
  18 frilled lizards
  16 kobolds
  5 rats
720 creatures vanquished.

Vanquished Creatures (collateral kills)
  Mara (Spider:3)
  Arachne (Spider:2)
  A tentacled monstrosity (Swamp:4)
  The ghost of Don Ynad the Thaumaturge, an adept FoDe of Vehumet (Swamp:2)
  3 eldritch tentacles
  An ancient champion (WizLab)
  Frances (Swamp:1)
  The ghost of Begg the Thaumaturge, an adept DrIE of Ashenzari (Spider:1)
  A fenstrider witch (Swamp:1)
  A revenant (WizLab)
  A frost giant (IceCv)
  Louise (Swamp:2)
  An emperor scorpion (Spider:4)
  4 orc warlords
  6 ghost moths
  2 ghouls (Swamp:3)
  A cacodemon (Spider:3)
  3 broodmothers
  An ironbound preserver (Vaults:1)
  3 eleionomae
  2 bunyips
  A deep elf annihilator (D:14)
  3 spark wasps
  An ettin (D:15)
  Josephine (Orc:1)
  A yaktaur captain (Vaults:1)
  3 fire dragons (Swamp:4)
  A jiangshi (WizLab)
  The ghost of baller8008 the Nimble, a journeyman MiFi of Okawaru (D:12)
  An entropy weaver (Spider:2)
  11 hydras
  5 radroaches
  2 ghost crabs
  A great orb of eyes (Vaults:1)
  3 ogre magi (D:11)
  3 jorogumos
  4 alligators
  4 two-headed ogres
  3 centaur warriors
  A boulder beetle (Lair:4)
  A death scarab (Spider:1)
  5 death yaks
  6 demonic crawlers
  2 tengu warriors (D:15)
  A titan zombie (WizLab)
  An occultist (D:15)
  2 skysharks (Lair:3)
  5 pharaoh ants
  5 goliath frogs
  A flayed ghost (WizLab)
  4 deep trolls
  4 spriggan druids
  A sun moth (Spider:3)
  13 orb spiders
  2 arcanists (Vaults:1)
  4 bog bodies
  7 steelbarb worms
  8 swamp dragons (Swamp:4)
  A phantasmal warrior (WizLab)
  7 lindwurms
  A spectral wolf spider (WizLab)
  A necromancer (D:15)
  3 orc knights
  2 deep elf pyromancers
  6 cyclopes
  13 ugly things
  4 manticores
  15 wolf spiders
  10 will-o-the-wisps
  2 moths of wrath
  3 meliai (D:14)
  An ice statue (IceCv)
  8 elephants
  2 black mambas (Lair:5)
  A vault sentinel (Vaults:1)
  2 kobold blastminers (Orc:2)
  3 torpor snails
  An orange demon (D:14)
  4 cane toads
  An unseen horror (D:11)
  2 kobold demonologists
  3 yaktaurs (Vaults:1)
  4 komodo dragons
  3 rime drakes
  6 trolls
  A bloated husk (Swamp:2)
  8 polar bears
  9 tyrant leeches
  A nameless horror (Spider:1)
  4 hornets
  10 tarantellas
  A snapping turtle (Swamp:3)
  9 blink frogs
  3 slime creatures (D:12)
  8 spriggans
  12 jumping spiders
  20 culicivoras
  5 wyverns
  38 yaks
  5 wraiths
  A yak (shapeshifter) (D:15)
  5 shadows
  A vampire (D:12)
  4 basilisks
  A warg (Orc:1)
  A fire elemental (Swamp:4)
  27 redbacks
  7 vampire mosquitoes
  12 swamp worms
  2 acid dragons (Lair:5)
  8 water moccasins
  Duvessa (D:4)
  6 swamp drakes
  17 orc warriors
  2 laughing skulls (D:13)
  6 ogres
  4 wolves
  6 centaurs
  3 bullfrogs
  A scorpion (D:14)
  3 necrophages
  14 wights
  A howler monkey (D:12)
  5 electric eels
  6 orc priests
  2 jellies (Lair:4)
  3 iguanas (Lair:5)
  8 orc wizards
  4 polar bear simulacra (Lair:2)
  2 wolf simulacra (Lair:2)
  A yak simulacrum (Lair:2)
  A river rat (Lair:2)
  A shadow imp (D:8)
  12 orcs
  3 endoplasms (Sewer)
  3 ball pythons (Sewer)
  2 frilled lizards (Sewer)
  A river rat simulacrum (Lair:2)
589 creatures vanquished.

Vanquished Creatures (others)
  56 eldritch tentacles
  An emperor scorpion (Spider:1)
  An ogre mage (Orc:2)
  2 bloated husks
  A tarantella (Spider:2)
  A vampire (D:11)
  A culicivora (Spider:3)
  10 dancing weapons
  2 swamp worms
  2 swamp drakes (Swamp:4)
  A sleepcap (D:7)
  An orc (Orc:2)
  41 foxfires
120 creatures vanquished.

Grand Total: 1429 creatures vanquished

Notes
Turn   | Place    | Note
-------+----------+-------------------------------------------
     0 | D:1      | cforsyth the Djinni Enchanter began the quest for the Orb.
     0 | D:1      | cforsyth set off with the following spells memorised:
                  | Ensorcelled Hibernation, Confusing Touch, Tukima's Dance,
                  | Dazzling Flash.
     0 | D:1      | Reached XP level 1. HP: 15/15 MP: 0/0
     2 | D:1      | Noticed a tengu
     2 | D:1      | Noticed an elf
     4 | D:1      | Noticed a naga
     4 | D:1      | Noticed a spriggan
     6 | D:1      | Noticed a vine stalker
     6 | D:1      | Noticed an oni
     8 | D:1      | Noticed a merfolk
    10 | D:1      | Noticed a demigod
    10 | D:1      | Noticed a draconian
    12 | D:1      | Noticed a gargoyle
    12 | D:1      | Noticed a human
    14 | D:1      | Noticed a demonspawn
    16 | D:1      | Noticed a ghoul
    18 | D:1      | Noticed a formicid
    18 | D:1      | Noticed a troll
    20 | D:1      | Noticed an octopode
    20 | D:1      | Noticed an armataur
    22 | D:1      | Noticed a minotaur
    24 | D:1      | Noticed a felid
    24 | D:1      | Noticed a barachi
    26 | D:1      | Noticed a djinni
    26 | D:1      | Noticed a vampire
   161 | D:1      | You are sucked into a shaft and drop 1 floor!
   207 | D:3      | Found a broken altar of Ashenzari.
   215 | D:3      | Noticed Pargi
   240 | D:3      | Noticed Jessica
   263 | D:3      | Found a glowing drain.
   265 | D:3      | Reached XP level 2. HP: 21/22 MP: 0/0
   268 | D:3      | Reached skill level 1 in Fighting
   285 | Sewer    | Entered a sewer
   512 | Sewer    | Reached XP level 3. HP: 26/27 MP: 0/0
   512 | Sewer    | Learned a level 1 spell: Sting
   599 | Sewer    | Reached skill level 2 in Fighting
   659 | Sewer    | Reached XP level 4. HP: 28/33 MP: 0/0
   820 | Sewer    | Reached XP level 5. HP: 37/40 MP: 0/0
   820 | Sewer    | Learned a level 2 spell: Call Imp
   875 | Sewer    | Reached skill level 3 in Fighting
  1003 | Sewer    | Noticed a bullfrog
  1004 | Sewer    | Noticed a bullfrog
  1020 | Sewer    | Killed a bullfrog
  1024 | Sewer    | Reached XP level 6. HP: 28/46 MP: 0/0
  1105 | Sewer    | Reached skill level 4 in Fighting
  1286 | D:3      | Found a faded altar of an unknown god.
  1474 | D:2      | Identified the +2 leather armour "Eghot" {rC++ Str-4 Int+4}
  1632 | D:2      | Noticed Sigmund
  2376 | D:2      | Killed Sigmund
  2377 | D:2      | Reached XP level 7. HP: 50/53 MP: 0/0
  2377 | D:2      | Learned a level 3 spell: Frozen Ramparts
  2687 | D:3      | Found an ornate altar of the Wu Jian Council.
  2840 | D:3      | Killed Jessica
  2841 | D:3      | Reached skill level 5 in Fighting
  2867 | D:3      | Killed Pargi
  2868 | D:3      | Reached skill level 5 in Spellcasting
  2868 | D:3      | Reached skill level 5 in Conjurations
  2868 | D:3      | Reached skill level 5 in Hexes
  2868 | D:3      | Reached skill level 5 in Summonings
  2868 | D:3      | Reached skill level 5 in Necromancy
  2868 | D:3      | Reached skill level 5 in Translocations
  2868 | D:3      | Reached skill level 5 in Fire Magic
  2868 | D:3      | Reached skill level 5 in Ice Magic
  2868 | D:3      | Reached skill level 5 in Air Magic
  2868 | D:3      | Reached skill level 5 in Earth Magic
  2868 | D:3      | Reached skill level 5 in Alchemy
  3392 | D:4      | Noticed Eustachio
  3419 | D:3      | Killed Eustachio
  3420 | D:3      | Reached skill level 6 in Fighting
  3420 | D:3      | Reached XP level 8. HP: 15/61 MP: 0/0
  4140 | D:4      | Noticed Robin
  4151 | D:4      | Killed Robin
  4552 | D:4      | Noticed Duvessa
  4552 | D:4      | Noticed Dowan
  4558 | D:4      | Killed Dowan
  4559 | D:4      | Reached skill level 7 in Fighting
  5159 | D:5      | Entered Level 5 of the Dungeon
  5277 | D:5      | Found a staircase to the Ecumenical Temple.
  5354 | Temple   | Entered the Ecumenical Temple
  5665 | D:5      | Reached XP level 9. HP: 59/68 MP: 0/0
  5665 | D:5      | Learned a level 3 spell: Gell's Gravitas
  5864 | D:5      | Reached skill level 8 in Fighting
  6581 | D:6      | Found a blossoming altar of Fedhas.
  6708 | D:6      | Found a glowing silver altar of Zin.
  6718 | D:6      | Reached skill level 9 in Fighting
  6750 | D:6      | Found Kemey's Antique Armour Boutique.
  6762 | D:6      | Bought a spiked ring mail for 234 gold pieces
  6762 | D:6      | Identified the +1 ring mail of the Poles {rPois Dex+3} (You
                  | bought it in a shop on level 6 of the Dungeon)
  6788 | D:6      | Became a worshipper of Fedhas Madash
  6909 | D:6      | Found Uphun's Jewellery Emporium.
  7130 | D:6      | Found Cegrir's Distillery.
  7147 | D:6      | Found a transporter.
  7149 | D:6      | Found Woakub's General Store.
  7217 | D:6      | Found Atruhidi's Distillery.
  7221 | D:6      | Found a transporter.
  7442 | D:6      | Found a hide-covered altar of Uskayaw.
  7511 | D:6      | Reached XP level 10. HP: 71/78 MP: 0/0
  7699 | D:7      | Reached * piety under Fedhas
  8361 | D:7      | Reached skill level 10 in Fighting
  8793 | D:7      | Found a runed translucent door.
  8794 | D:7      | Noticed Crazy Yiuf
  9121 | D:7      | Killed Crazy Yiuf
 10007 | D:8      | Noticed Joseph
 10016 | D:8      | Killed Joseph
 10016 | D:8      | Reached ** piety under Fedhas
 10017 | D:8      | Reached skill level 11 in Fighting
 10367 | D:8      | Reached XP level 11. HP: 52/87 MP: 0/0
 10367 | D:8      | Learned a level 4 spell: Iskenderun's Mystic Blast
 11289 | D:9      | Reached skill level 12 in Fighting
 12037 | D:10     | Entered Level 10 of the Dungeon
 12037 | D:10     | Noticed Psyche
 12043 | D:10     | Killed Psyche
 12160 | D:10     | Found a flagged portal.
 12170 | Bailey   | Entered a bailey
 12800 | Bailey   | Reached *** piety under Fedhas
 13292 | Bailey   | Reached skill level 10 in Spellcasting
 13292 | Bailey   | Reached skill level 10 in Conjurations
 13292 | Bailey   | Reached skill level 10 in Hexes
 13292 | Bailey   | Reached skill level 10 in Summonings
 13292 | Bailey   | Reached skill level 10 in Necromancy
 13292 | Bailey   | Reached skill level 10 in Translocations
 13292 | Bailey   | Reached skill level 10 in Fire Magic
 13292 | Bailey   | Reached skill level 10 in Ice Magic
 13292 | Bailey   | Reached skill level 10 in Air Magic
 13292 | Bailey   | Reached skill level 10 in Earth Magic
 13292 | Bailey   | Reached skill level 10 in Alchemy
 13431 | Bailey   | Acquired 709 gold pieces
 13823 | Bailey   | Found an iron altar of Okawaru.
 14171 | Bailey   | Acquired a +2 buckler of reflection
 14228 | D:10     | Noticed Erica
 14243 | D:10     | Killed Erica
 14244 | D:10     | Reached skill level 1 in Shields
 14564 | D:10     | Reached XP level 12. HP: 51/96 MP: 0/0
 14566 | D:10     | Reached skill level 13 in Fighting
 14733 | D:10     | Reached **** piety under Fedhas
 15281 | D:10     | Found a runed translucent door.
 15464 | D:10     | Found a staircase to the Lair.
 15884 | D:10     | Noticed a boulder beetle
 15901 | D:10     | Killed a boulder beetle
 16174 | D:11     | Identified the +1 leather armour "Siurumus" {SInv}
 16216 | D:11     | Noticed a boulder beetle
 17227 | D:11     | Found a runed translucent door.
 17232 | D:11     | Noticed an ogre mage
 17232 | D:11     | Noticed an ogre mage
 17232 | D:11     | Noticed a boulder beetle
 17264 | D:11     | Killed an ogre mage
 17336 | D:11     | Killed a boulder beetle
 17493 | D:11     | Reached skill level 5 in Shields
 17503 | D:11     | Killed a boulder beetle
 17688 | D:11     | Noticed Lodul
 17691 | D:11     | Killed Lodul
 17691 | D:11     | Noticed a boulder beetle
 17692 | D:11     | Reached skill level 14 in Fighting
 17989 | D:11     | Reached ***** piety under Fedhas
 18162 | D:11     | Reached XP level 13. HP: 36/105 MP: 0/0
 18162 | D:11     | Learned a level 5 spell: Summon Mana Viper
 18645 | D:11     | Found a runed translucent door.
 18645 | D:11     | Noticed an ogre mage
 18647 | D:11     | Found a runed translucent door.
 18647 | D:11     | Found a runed translucent door.
 19398 | D:12     | Noticed a centaur warrior
 19418 | D:12     | Killed a centaur warrior
 19435 | D:12     | Reached skill level 15 in Fighting
 19673 | D:12     | Found a runed translucent door.
 19673 | D:12     | Noticed baller8008's ghost (journeyman MiFi)
 20944 | D:12     | Found a staircase to the Orcish Mines.
 21116 | D:11     | Noticed an entropy weaver
 21133 | D:11     | Killed an entropy weaver
 21143 | D:11     | Killed an ogre mage
 21233 | Lair:1   | Entered Level 1 of the Lair of Beasts
 22119 | Lair:1   | Reached XP level 14. HP: 83/115 MP: 0/0
 22122 | Lair:1   | Reached skill level 16 in Fighting
 23141 | Lair:2   | Found a frozen archway.
 23150 | IceCv    | Entered an ice cave
 23873 | IceCv    | HP: 4/117 [death yak (24)]
 24223 | IceCv    | Noticed a frost giant
 24321 | IceCv    | HP: 5/117 [wolf (6)]
 24916 | IceCv    | Upgraded the game from 0.32-a0-40-g2adb59ae06 to
                  | 0.32-a0-41-gec2d92a32c
 24955 | IceCv    | Reached ****** piety under Fedhas
 25242 | IceCv    | Reached skill level 17 in Fighting
 25520 | IceCv    | Killed a frost giant
 26654 | Lair:2   | Reached XP level 15. HP: 118/124 MP: 0/0
 26654 | Lair:2   | Learned a level 6 spell: Sculpt Simulacrum
 28776 | Lair:3   | Reached skill level 18 in Fighting
 28782 | Lair:3   | Found a staircase to the Swamp.
 28942 | Lair:3   | You are sucked into a shaft and drop 2 floors!
 28942 | Lair:5   | Entered Level 5 of the Lair of Beasts
 29144 | Lair:3   | Found a hole to the Spider Nest.
 29937 | Lair:4   | Found a staircase to the Slime Pits.
 30023 | Lair:4   | Found a viscous altar of Jiyva.
 30141 | Lair:4   | Found a white marble altar of Elyvilon.
 31382 | Lair:5   | Reached XP level 16. HP: 55/134 MP: 0/0
 31398 | Lair:5   | Reached skill level 19 in Fighting
 31653 | Lair:5   | Reached skill level 15 in Spellcasting
 31653 | Lair:5   | Reached skill level 15 in Conjurations
 31653 | Lair:5   | Reached skill level 15 in Hexes
 31653 | Lair:5   | Reached skill level 15 in Summonings
 31653 | Lair:5   | Reached skill level 15 in Necromancy
 31653 | Lair:5   | Reached skill level 15 in Translocations
 31653 | Lair:5   | Reached skill level 15 in Fire Magic
 31653 | Lair:5   | Reached skill level 15 in Ice Magic
 31653 | Lair:5   | Reached skill level 15 in Air Magic
 31653 | Lair:5   | Reached skill level 15 in Earth Magic
 31653 | Lair:5   | Reached skill level 15 in Alchemy
 32920 | Lair:5   | Identified the +0 helmet of Lies {+Inv Dex+3}
 33109 | Orc:1    | Entered Level 1 of the Orcish Mines
 33390 | Orc:2    | Entered Level 2 of the Orcish Mines
 33616 | Orc:2    | Noticed Josephine
 33626 | Orc:1    | Killed Josephine
 35421 | Orc:1    | Reached skill level 20 in Fighting
 35617 | Orc:2    | Found a staircase to the Elven Halls.
 37959 | Orc:2    | Reached XP level 17. HP: 127/143 MP: 0/0
 37959 | Orc:2    | Learned a level 7 spell: Malign Gateway
 38030 | Orc:2    | Found Kepagruib's Antique Armour Emporium.
 38037 | Orc:2    | Bought the +3 pair of gauntlets of War {Slay+5} for 1330
                  | gold pieces
 38037 | Orc:2    | Found the +3 pair of gauntlets of War {Slay+5}
 38080 | Orc:2    | Found Logiejoi's General Store.
 38086 | Orc:2    | Bought a scroll of teleportation for 33 gold pieces
 38086 | Orc:2    | Bought the amulet of Ucacriets {+Inv rC+ Regen+ Dex+4} for
                  | 653 gold pieces
 38107 | Orc:2    | Found Pemadeh's Antique Weapon Emporium.
 38114 | Orc:2    | Bought a slimy shortbow for 248 gold pieces
 38114 | Orc:2    | Identified the +2 shortbow "Akkokhlaw" {heavy, rPois} (You
                  | bought it in a shop on level 2 of the Orcish Mines)
 38114 | Orc:2    | Bought an ichor-stained dagger for 217 gold pieces
 38114 | Orc:2    | Identified the +2 dagger of Putrescence {freeze, Str+3}
                  | (You bought it in a shop on level 2 of the Orcish Mines)
 38123 | Orc:2    | Found Gompeg's Book Emporium.
 38972 | D:4      | Killed Duvessa
 39213 | D:6      | Bought 2 scrolls of acquirement for 1144 gold pieces
 39213 | D:6      | Acquired 992 gold pieces
 39215 | D:6      | Acquired 885 gold pieces
 39880 | D:12     | Killed baller8008's ghost
 40004 | D:12     | Acquired a manual of Shields
 41293 | D:14     | Found Oghu's Jewellery Shoppe.
 41531 | D:14     | Found a gate to the Vaults.
 41785 | D:15     | Entered Level 15 of the Dungeon
 41816 | D:15     | Found an opulent altar of Gozag.
 41882 | D:15     | Reached skill level 5 in Dodging
 42078 | D:15     | Found a staircase to the Depths.
 42863 | Spider:1 | Entered Level 1 of the Spider Nest
 43503 | Spider:1 | Found a runed translucent gate.
 43504 | Spider:1 | Found a runed translucent gate.
 43505 | Spider:1 | Found a runed translucent gate.
 43510 | Spider:1 | Noticed Begg's ghost (adept DrIE)
 44272 | Spider:1 | You are sucked into a shaft and drop 1 floor!
 44823 | Spider:1 | Reached XP level 18. HP: 114/151 MP: 0/0
 45037 | Spider:1 | Killed Begg's ghost
 45038 | Spider:1 | Reached skill level 10 in Shields
 45529 | Spider:1 | Identified the ring of Keci {rPois rN+++ MP+9 Str-5 Int-5}
 47045 | Spider:2 | Noticed Arachne
 47051 | Spider:2 | Killed Arachne
 49189 | Spider:3 | Noticed Mara
 49218 | Spider:3 | Noticed Mlioglotl
 49225 | Spider:3 | Noticed a bone dragon
 49491 | Spider:3 | Noticed cforsyth's illusion
 49496 | Spider:3 | Killed Mara
 50559 | Spider:3 | Mlioglotl changed into Mlioglotl the cacodemon
 50559 | Spider:3 | Noticed Mlioglotl
 50560 | Spider:3 | Killed Mlioglotl the cacodemon
 50893 | Spider:4 | Entered Level 4 of the Spider Nest
 51117 | Spider:3 | Reached skill level 10 in Dodging
 51293 | Spider:4 | Reached XP level 19. HP: 150/157 MP: 0/0
 51293 | Spider:4 | Learned a level 6 spell: Death Channel
 52051 | Spider:4 | Got a gossamer rune of Zot
 52053 | Spider:4 | Identified the scarf of Okawaru's Inspiration {harm, rCorr
                  | Int+2}
 52389 | Swamp:1  | Entered Level 1 of the Swamp
 52467 | Swamp:1  | Identified the +4 scale mail "Woheycw" {Int+2}
 52682 | Swamp:1  | Noticed Frances
 52686 | Swamp:1  | Killed Frances
 52949 | Swamp:2  | Found a runed translucent door.
 52970 | Swamp:2  | Noticed Don Ynad's ghost (adept FoDe)
 53328 | Swamp:2  | Noticed Louise
 53338 | Swamp:2  | Killed Louise
 53505 | Swamp:2  | Killed Don Ynad's ghost
 54228 | Swamp:4  | Entered Level 4 of the Swamp
 54342 | Swamp:4  | Reached XP level 20. HP: 164/164 MP: 0/0
 54342 | Swamp:4  | Reached skill level 5 in Armour
 54342 | Swamp:4  | Reached XP level 21. HP: 169/169 MP: 0/0
 54342 | Swamp:4  | Learned a level 8 spell: Infestation
 54959 | Swamp:4  | Got a decaying rune of Zot
 55432 | Vaults:1 | Entered Level 1 of the Vaults
 55672 | Vaults:1 | Found Kiwnisot's Magic Scroll Shoppe.
 55698 | Vaults:1 | Found Ineosch's Armour Boutique.
 55806 | Vaults:1 | Found a magical portal.
 55811 | WizLab   | Entered Borgnjor's Mausoleum
 55982 | WizLab   | HP: 7/169 [quicksilver dragon zombie (3)]
 55983 | WizLab   | HP: 3/169 [revenant] (4)]
 55983 | WizLab   | Slain by a skeletal warrior

Illustrated notes

Levels and vault maps discovered:
D:1:      kb_arrival_jail, layout_basic, amcnicky_mini_pool_small
D:2:      layout_rooms, minivault_25, uniq_sigmund
D:3:      layout_loops_ring, nicolae_ashenzari_skybound,
          nicolae_wu_jian_glorious_leap, hellmonk_ecumenical_altar_run_dry,
          gup_sewer_entry_pipe, uniq_pargi, uniq_jessica
D:4:      wad_river_or_something, layout_loops_ring, minmay_misc_feat_diagonals,
          chequers_decorated_corner, uniq_robin, uniq_eustachio, uniq_duvessa
D:5:      cheibrodos_thug_alley, layout_rooms, minmay_temple_entry_offerings
D:6:      layout_rooms, mainiacjoe_overflow_catwalk_spiral,
          mainiacjoe_overflow_catwalk, serial_shops, nicolae_stop_n_shop_2,
          shop, nicolae_shop_peninsula, nicolae_shop_drivethru, shop,
          kennysheep_generic_room_5
D:7:      layout_loops_ring, uniq_crazy_yiuf_cottage
D:8:      layout_cave_pools, uniq_joseph
D:9:      layout_layer_cave
D:10:     layout_cave_pods, dpeg_oklobed_lair, enter_bailey_1, minivault_13,
          uniq_erica, uniq_psyche
D:11:     minmay_the_grid_triangle_9x9_recursive_2_mashed
          [minmay_the_grid_triangle_9x9_prize_top_heavy,
          minmay_the_grid_triangle_9x9_fully_insulated_deathbox,
          minmay_the_grid_triangle_9x9_from_above,
          minmay_the_grid_triangle_9x9_subtriangle], layout_rooms,
          serial_curves, eino_curves_02, eino_curves_04, uniq_lodul
D:12:     cheibrodos_fzero, layout_gridville, orc_0_dummy,
          hellmonk_ghost_happy_afterlife
D:13:     layout_gridville
D:14:     layout_cave_pools, hellmonk_vaults_attempted_burglary, serial_shops,
          shop, einodemon_barbed_minivault
D:15:     hangedman_depths_entry_civil_slaughter, layout_loops_ring,
          grunt_gozag_statues
Temple:   nicolae_temple_bog_church
Lair:1:   layout_loops_ring, disabler_island
Lair:2:   layout_misc_corridors, portal_ice_cave_rime, eino_house_with_fridge,
          grunt_megastairs_2, serial_bayou_shore_a, serial_bayou_shore_b
Lair:3:   layout_regular_city, minmay_swamp_entry_worms, spider_nest_entry_webs,
          serial_forest, infiniplex_forest_end_3,
          infiniplex_forest_lined_room_3, infiniplex_forest_clump_long,
          infiniplex_forest_3_way, infiniplex_forest_clump_small,
          infiniplex_forest_zigzag_1, infiniplex_forest_lined_room_2,
          infiniplex_forest_straight_2, infiniplex_forest_end_1,
          infiniplex_staircase_pool_2
Lair:4:   wad_woods_stonehenge, layout_regular_city,
          nicolae_slime_entry_field_trip, roderic_carrion_pond
Lair:5:   guppyfry_lair_end_dragon, layout_gridlike, hangedman_lair_in_review
Swamp:1:  layout_basic_swamp, nicolae_swamp_tree_designs,
          nicolae_swamp_round_clearing, uniq_frances
Swamp:2:  layout_falls_marsh, ebering_ghost_reflecting_pool,
          nicolae_swamp_bean_lake, uniq_louise
Swamp:3:  layout_basic_swamp, nicolae_swamp_stuck_in_the_mud, swamp_pool_1_2,
          nicolae_swamp_some_circles, nicolae_swamp_wisp_ring_woods,
          infiniplex_staircase_pool
Swamp:4:  swamp_fiery, layout_basic_swamp, nicolae_swamp_tree_isthmus
Spider:1: layout_spider_delve, gammafunk_ghost_split, drop_trap
Spider:2: layout_cave_pods, uniq_arachne
Spider:3: layout_spider_delve, drop_trap, uniq_mara, uniq_mlioglotl
Spider:4: grunt_spider_rune_island
Orc:1:    layout_caves, basic_altar, kennysheep_orc_sif_temple
Orc:2:    grunt_orc_cross, layout_caves, uniq_josephine
Vaults:1: mu_enter_wizlab_2, nicolae_vaults_branching_niches, v_misc_28,
          ontoclasm_vaults_twist, nicolae_vaults_trapezoid_4,
          nicolae_vaults_storage_closets_2,
          nicolae_vaults_taking_the_gang_shopping,
          nicolae_vaults_layer_cake_slice, ontoclasm_vaults_chip,
          vaults_room_grunt_arrival_ludios, vaults_room_pools, v_rooms_6,
          v_misc_17, hangedman_vaults_impose, nicolae_vaults_storage_room_glass,
          ontoclasm_vaults_shuriken, layout_vaults_maze_bifur, serial_shops,
          shop
WizLab:   wizlab_borgnjor

Skill      XL: |  1  2  3  4  5  6  7  8  9 10 11 12 13 14 15 16 17 18 19 20 21 |
---------------+----------------------------------------------------------------+-----
Spellcasting   | 3 4 5 6 7 9 10 11 12 13 14 15 16 17 18 | 18.6
Conjurations   | 3 4 5 6 7 9 10 11 12 13 14 15 16 17 18 | 18.6
Hexes          | 3 4 5 6 7 9 10 11 12 13 14 15 16 17 18 | 18.6
Summonings     | 3 4 5 6 7 9 10 11 12 13 14 15 16 17 18 | 18.6
Necromancy     | 3 4 5 6 7 9 10 11 12 13 14 15 16 17 18 | 18.6
Translocations | 3 4 5 6 7 9 10 11 12 13 14 15 16 17 18 | 18.6
Fire Magic     | 3 4 5 6 7 9 10 11 12 13 14 15 16 17 18 | 18.6
Ice Magic      | 3 4 5 6 7 9 10 11 12 13 14 15 16 17 18 | 18.6
Air Magic      | 3 4 5 6 7 9 10 11 12 13 14 15 16 17 18 | 18.6
Earth Magic    | 3 4 5 6 7 9 10 11 12 13 14 15 16 17 18 | 18.6
Alchemy        | 3 4 5 6 7 9 10 11 12 13 14 15 16 17 18 | 18.6
Fighting       | 1 2 3 4 6 7 9 11 12 14 15 17 18 20 | 20.5
Shields        | 1 5 9 13 14 | 14.0
Dodging        | 6 10 12 14 | 14.4
Armour         | 5 |  5.0
Short Blades   | |  0.8
Stealth        | |  2.4

Action                     |  1- 3 |  4- 6 |  7- 9 | 10-12 | 13-15 | 16-18 | 19-21 || total
---------------------------+-------+-------+-------+-------+-------+-------+-------++-------
  Melee: Dagger            |    62 |     1 |    22 |   237 |   148 |   133 |       ||   603
         Punch             |     1 |       |     1 |     7 |     3 |     2 |       ||    14
         Staff             |       |       |       |       |       |    40 |    63 ||   103
   Cast: Ensorcelled Hiber |     4 |       |       |       |       |       |       ||     4
         Sting             |    25 |   117 |   229 |   318 |   465 |   376 |    21 ||  1551
         Call Imp          |       |     6 |     4 |    31 |    18 |    18 |    10 ||    87
         Tukima's Dance    |       |     1 |     2 |    44 |     3 |    28 |     5 ||    83
         Frozen Ramparts   |       |       |    24 |    49 |    54 |    48 |       ||   175
         Confusing Touch   |       |       |     4 |    25 |     6 |     1 |       ||    36
         Iskenderun's Myst |       |       |       |    60 |    72 |   231 |    66 ||   429
         Gell's Gravitas   |       |       |       |     1 |       |     4 |       ||     5
         Summon Mana Viper |       |       |       |       |   141 |   167 |    45 ||   353
         Sculpt Simulacrum |       |       |       |       |       |     1 |       ||     1
         Malign Gateway    |       |       |       |       |       |    33 |    26 ||    59
         Death Channel     |       |       |       |       |       |       |    35 ||    35
         Infestation       |       |       |       |       |       |       |    22 ||    22
  Evoke: Wand              |       |       |       |       |     4 |       |     1 ||     5
    Use: Potion            |     2 |       |       |     2 |     8 |       |     6 ||    18
         Scroll            |       |       |     1 |     5 |    24 |    14 |     9 ||    53
   Stab: Sleeping          |     6 |       |       |       |       |       |       ||     6
         Invisible         |     1 |       |       |       |       |       |       ||     1
         Confused          |       |       |     1 |    19 |     1 |       |       ||    21
         Distracted        |       |       |       |       |     4 |     2 |     1 ||     7
 Armour: Robe              |    19 |    14 |       |       |       |   108 |   160 ||   301
         Leather armour    |       |     3 |    69 |   285 |   466 |   588 |       ||  1411
  Dodge: Dodged            |    46 |    11 |    71 |   247 |   317 |   390 |   107 ||  1189
  Block: Kite shield       |       |       |       |       |       |    88 |   145 ||   233

Table legend: (Time is in decaauts)
 A = Elapsed time spent in this place.
 B = Non-inter-level travel time spent in this place.
 C = Inter-level travel time spent in this place.
 D = Time resting spent in this place.
 E = Time spent auto-exploring this place.
 F = Levels seen in this place.
 G = Mean time per level.
                   A        B        C        D        E       F      G
               +--------+--------+--------+--------+--------+-----+--------+
         Total |  56231 |  53398 |   2833 |  14443 |  28001 |  36 | 1562.0 |
       Dungeon |  23760 |  22121 |   1639 |   4864 |  13635 |  15 | 1584.0 |
        Temple |     17 |      8 |      9 |      0 |      0 |   1 |   17.0 |
          Lair |   9794 |   9237 |    557 |    798 |   6426 |   5 | 1958.8 |
         Swamp |   2867 |   2706 |    161 |      2 |   1861 |   4 |  716.8 |
   Spider Nest |   8614 |   8274 |    340 |   4054 |   2554 |   4 | 2153.5 |
  Orcish Mines |   5222 |   5098 |    124 |   2844 |   1055 |   2 | 2611.0 |
        Vaults |    237 |    237 |      0 |     35 |      0 |   1 |  237.0 |
         Sewer |    981 |    981 |      0 |     45 |    585 |   1 |  981.0 |
        Bailey |   2023 |   2023 |      0 |    866 |    778 |   1 | 2023.0 |
      Ice Cave |   2538 |   2538 |      0 |    913 |   1066 |   1 | 2538.0 |
        Wizlab |    174 |    174 |      0 |     21 |     41 |   1 |  174.0 |
               +--------+--------+--------+--------+--------+-----+--------+

Top non-repeatable levels by time:
Spider:2: 3987 daAuts
   Orc:1: 3732 daAuts
    D:12: 3347 daAuts
    D:10: 2957 daAuts
    D:11: 2781 daAuts
  Lair:2: 2691 daAuts
   IceCv: 2538 daAuts
Spider:1: 2462 daAuts
  Lair:5: 2147 daAuts
  Bailey: 2023 daAuts
     D:6: 1805 daAuts
  Lair:1: 1794 daAuts
  Lair:3: 1746 daAuts
     D:7: 1648 daAuts
     D:9: 1639 daAuts
